AoeStats
← TIMVP

Nomad

508569404Analyzed
2v2 RM · 9d ago on Sep 23, 2026· 29m 8s· 4 players
Game mode
Random Map
Map size
176×176
Population
200
Speed
Normal
Resources
Standard
Victory
Conquest
Starting age
Dark Age
Ending age
Imperial Age
RankedLock teamsTeams togetherTeam positionsShared explorationLock speedFull tech treeHidden civsTurbo modeCheats
Victory
Defeat
🇵🇪 Romans · Peru
716
+18
🇵🇪 Dravidians · Peru
705
+18
🇺🇸 Japanese · United States
757
-18
🇺🇸 Teutons · United States
752
-18
TIMVP
14:08 Feudal Age
12:26 Loom
14:34 Double-Bit Axe
15:42 Fishing Lines
16:41 Wheelbarrow
16:19 Man-at-Arms
19:27 Scale Barding Armor
22:01 Castle Age
20:33 Scale Barding Armor
25:06 Long Swordsman
30:00 Hand Cart
A†ilA
14:37 Feudal Age
15:16 Fishing Lines
16:34 Wheelbarrow
17:23 Double-Bit Axe
23:51 Castle Age
24:56 Loom
25:28 Hand Cart
28:10 Thumb Ring
trntbl26
16:03 Feudal Age
18:28 Man-at-Arms
20:09 Forging
20:45 Scale Mail Armor
27:43 Wheelbarrow
26:55 Loom
VOIDRUGRAT
16:09 Feudal Age
14:26 Loom
16:18 Man-at-Arms
17:10 Double-Bit Axe
17:09 Fishing Lines
18:08 Arson
20:08 Scale Mail Armor
26:31 Castle Age
27:32 Long Swordsman
27:41 Crossbowman
Connection lost

Rejoining the realm…

Still unreachable

The connection could not be restored.

Session expired

The server has moved on; the page needs a fresh start.